 Dungeon Crawl Stone Soup version 0.31.0-11-ge490571c62 (webtiles) character file.

Game seed: 7361951299250942923

23 qw the Shooter (level 2, -1/14 HPs)
             Began as a Spriggan Hunter on Feb 4, 2024.
             Killed from afar by an orc wizard (10 damage)
             ... with a puff of flame
             ... on level 2 of the Dungeon.
             The game lasted 00:00:22 (956 turns).

qw the Shooter (Spriggan Hunter)                     Turns: 956, Time: 00:00:23

Health: -1/14      AC:  2    Str:  4 (7)  XL:     2   Next: 75%
Magic:  3/3        EV: 18    Int:  9 (10) God:
Gold:   60         SH:  0    Dex: 16 (18) Spells: 1/1 levels left

rFire   . . .        a - +0 shortbow
rCold   . . .        (shield currently unavailable)
rNeg    . . .        c - +0 robe
rPois   .            (helmet restricted)
rElec   .            (no cloak)
rCorr   .            (gloves unavailable)
SInv    +            (boots unavailable)
Will    .....        (no amulet)
Stlth   ++           (no ring)
HPRegen 0.22/turn    (no ring)
MPRegen 0.08/turn

%: no passive effects
@: very quick
A: very small, no large weapons, unfitting armour, see invisible, speed 3
a: no special abilities


You were on level 2 of the Dungeon.
You visited 1 branch of the dungeon, and saw 2 of its levels.

You collected 60 gold pieces.


Innate Abilities, Weirdness & Mutations

You are very small and have problems with some larger weapons.
You are too small for most types of armour.
You have supernaturally acute eyesight. (SInv)
You cover ground extremely quickly. (Speed+++)


   Skills:
 - Level 1.5 Fighting
 + Level 4.2 Ranged Weapons
 - Level 4.1 Dodging
 - Level 1.5 Stealth


You had one spell level left.
You didn't know any spells.
Your spell library was empty.

Inventory:

Hand Weapons
 a - a +0 shortbow (weapon)
Armour
 c - a +0 robe (worn)
Jewellery
 f - a ring of fire
Potions
 e - a potion of heal wounds {unknown}
 h - a potion of mutation {unknown}
 k - a potion of haste {unknown}
 l - a potion of might {unknown}

Dungeon Overview and Level Annotations

Branches:
Dungeon (2/15)

Altars:


Message History

905 ||| FLEEEEING.
You start resting.
An orc wizard is nearby!
907 ||| FLEEEEING.
908 ||| FLEEEEING.
You start resting.
An orc wizard is nearby!
911 ||| FLEEEEING.
912 ||| FLEEEEING.
A ball python comes into view.
913 ||| FLEEEEING.
The orc wizard casts a spell.
The orc wizard flickers and vanishes for a moment.
You hear a shout!
914 ||| FLEEEEING.
You start resting.
An orc wizard is nearby!
916 ||| FLEEEEING.
917 ||| FLEEEEING.
There is a stone staircase leading up here.
You start resting.
An orc wizard is nearby!
919 ||| STAIRDANCE You climb upwards.
There is a stone staircase leading down here.
You start resting.
HP restored.
You climb downwards.
There is a stone staircase leading up here.
You shoot an arrow. The arrow hits the orc wizard.
The orc wizard is moderately wounded.
You shoot an arrow. The arrow hits the orc wizard.
The orc wizard is heavily wounded.
The orc wizard points at you and mumbles some strange words.
The magic dart hits you.
956 ||| STAIRDANCE The orc wizard casts a spell at you.
The puff of flame hits you!
Ouch! That really hurt!
You die...

.........># .#
.....###..######.#
...#...........#.#
#...#.#.##.##.#.##
.#......##.......#
....##.####.......#
#.# #.# #.......#
#.####.####.......#
.....)....#...o.@.#
..#######.#.......#
..#######.#.......#
.................##
........#.###.##.#
....###...# #.##.#
..........# #.##.#
..o.####.## #.##.#
.## #.# #S#


You could see an orc wizard.

Vanquished Creatures
  2 dart slugs (D:1)
  2 orcs (D:2)
  3 ball pythons (D:1)
  A bat (D:1)
  A giant cockroach (D:1)
  2 goblins (D:1)
  2 hobgoblins (D:1)
  A frilled lizard (D:1)
  2 rats (D:1)
16 creatures vanquished.

Notes
Turn   | Place    | Note
-------+----------+-------------------------------------------
     0 | D:1      | qw the Spriggan Hunter began the quest for the Orb.
     0 | D:1      | Reached XP level 1. HP: 10/10 MP: 2/2
     0 | D:1      | 0 ||| qw: Version: 0.3-a-160-g6735b56
     0 | D:1      | 0 ||| qw: Game counter: 5984
     0 | D:1      | 0 ||| qw: Melee chars always use a shield: true
     0 | D:1      | 0 ||| qw: God list: Okawaru
     0 | D:1      | 0 ||| qw: Allow faded altars: false
     0 | D:1      | 0 ||| qw: Do Orc after clearing Dungeon:15 true
     0 | D:1      | 0 ||| qw: Do second Lair branch before Depths: true
     0 | D:1      | 0 ||| qw: Lair rune preference: random
     0 | D:1      | 0 ||| qw: Goals: Normal
     0 | D:1      | 0 ||| PLANNING D:1-11
    37 | D:1      | Reached skill level 3 in Dodging
    93 | D:1      | Reached XP level 2. HP: 14/14 MP: 3/3
   697 | D:1      | 697 ||| DROPPING scarf of harm.
   698 | D:1      | 698 ||| READING scroll labelled INWUASSUOPH.
   702 | D:1      | 702 ||| DRINKING 2 smoky red potions.
   703 | D:1      | 703 ||| DRINKING 2 orange potions.
   807 | D:1      | 807 ||| DROPPING scroll of butterflies.
   808 | D:1      | 808 ||| DROPPING potion of degeneration.
   809 | D:1      | 809 ||| DROPPING potion of berserk rage.
   903 | D:2      | 903 ||| FLEEEEING.
   904 | D:2      | 904 ||| FLEEEEING.
   905 | D:2      | 905 ||| FLEEEEING.
   907 | D:2      | 907 ||| FLEEEEING.
   908 | D:2      | 908 ||| FLEEEEING.
   911 | D:2      | 911 ||| FLEEEEING.
   912 | D:2      | 912 ||| FLEEEEING.
   913 | D:2      | 913 ||| FLEEEEING.
   914 | D:2      | 914 ||| FLEEEEING.
   916 | D:2      | 916 ||| FLEEEEING.
   917 | D:2      | 917 ||| FLEEEEING.
   919 | D:2      | 919 ||| STAIRDANCE
   956 | D:2      | 956 ||| STAIRDANCE
   956 | D:2      | Killed from afar by an orc wizard

Levels and vault maps discovered:
D:1:      dpeg_arrival_stonehenge_12_columns, layout_basic,
          roderic_serpentine_path, minmay_pentomino_p4
D:2:      layout_loops_ring, serial_shops, shop, minmay_misc_feat_more_columns

Skill      XL: |  1  2 |
---------------+-------+-----
Dodging        | 3 4 |  4.1
Fighting       | |  1.5
Ranged Weapons | |  4.2
Stealth        | |  1.5

Action                     || total
---------------------------++-------
   Fire: Shortbow          ||    49
    Use: Potion            ||     2
         Scroll            ||     1
 Armour: Robe              ||     6
  Dodge: Dodged            ||     2

Table legend:
 A = Non-vault XP
 B = Vault XP
 C = Vault XP percentage of total XP
 D = Non-vault monster count
 E = Vault monster count
 F = Vault count percentage of total count
                 A         B        C        D         E       F
            +---------+---------+-------+---------+---------+-------
      Total |      30 |       4 |  11.8 |      14 |       2 |  12.5
            +---------+---------+-------+---------+---------+-------
        D:1 |      24 |       4 |  14.3 |      12 |       2 |  14.3
        D:2 |       6 |       0 |   0.0 |       2 |       0 |   0.0
            +---------+---------+-------+---------+---------+-------
